[Event "MCC Online Open Championship"]
[Site "Chess.com"]
[Date "2020.12.19"]
[Round "1"]
[White "GM Sergei Azarov"]
[Black "Roger Zhang"]
[Result "1-0"]
[Timezone "UTC"]
[ECO "C78"]
[WhiteElo "2679"]
[BlackElo "1943"]
[TimeControl "4200+5"]

1. e4 e5 2. Nf3 Nc6 3. Bb5 a6 4. Ba4 Nf6 5. O-O b5 6. Bb3 Bc5 7. c3 d6 8. a4 Rb8
9. d4 Bb6 10. Qd3 Bd7 11. axb5 axb5 12. Bg5 h6 13. Bh4 O-O 14. Na3 b4 15. Nc4
bxc3 16. bxc3 exd4 17. Nxb6 Rxb6 18. cxd4 Nb4 19. Qb1 Bg4 20. e5 Bxf3 21. Bxf6
gxf6 22. Qg6+ Kh8 23. Qxh6+ Kg8 24. exf6 Qxf6 25. Qxf6 Bd5 26. Bxd5 Nxd5 27.
Qg5+ 1-0

[Event "MCC Online Open Championship"]
[Site "Chess.com"]
[Date "2020.12.19"]
[Round "1"]
[White "Pranav Shankar"]
[Black "GM Kirill Stupak"]
[Result "0-1"]
[ECO "E36"]
[WhiteElo "1914"]
[BlackElo "2568"]
[TimeControl "4200+5"]

1. d4 Nf6 2. c4 e6 3. Nc3 Bb4 4. Qc2 d5 5. a3 Bxc3+ 6. Qxc3 c5 7. cxd5 cxd4 8.
Qxd4 Nc6 9. Qd1 exd5 10. e3 O-O 11. Be2 Ne4 12. Nf3 Bg4 13. Nd4 Bxe2 14. Nxe2
Qf6 15. O-O Rfd8 16. Ra2 Na5 17. Nd4 Rac8 18. f3 Nd6 19. b3 Nf5 20. Nxf5 Qxf5
21. Rd2 Qe6 22. Rd3 Qb6 23. Re1 h6 24. Bd2 Nc6 25. Bc3 Re8 26. Kf2 Ne7 27. g4
Qd6 28. Rh1 Qxa3 29. h4 Qa2+ 30. Rd2 Qa6 31. Bb2 Rc6 32. Re2 Qb6 33. Qa1 Rg6 34.
Rg1 Nc6 35. Rge1 Qc7 36. Kg2 f5 37. Kh3 fxg4+ 38. fxg4 Qd7 39. Rg2 Re4 40. Reg1 0-1

[Event "MCC Online Open Championship"]
[Site "Chess.com"]
[Date "2020.12.19"]
[Round "1"]
[White "IM Mitrabha Guha"]
[Black "Alice Wu"]
[Result "1-0"]
[ECO "D14"]
[WhiteElo "2495"]
[BlackElo "1742"]
[TimeControl "4200+5"]

1. d4 d5 2. c4 c6 3. Nf3 Nf6 4. cxd5 cxd5 5. Nc3 Nc6 6. Bf4 Bf5 7. Qb3 Na5 8.
Qa4+ Bd7 9. Qc2 Rc8 10. e3 e6 11. Bd3 Be7 12. Qe2 Nc4 13. Ne5 b5 14. O-O O-O 15.
Nxd7 Qxd7 16. b3 b4 17. Nxd5 Nxd5 18. Bxc4 Nxf4 19. exf4 Qxd4 20. f5 e5 21. Rad1
Qf4 22. Rd7 Bc5 23. Qh5 e4 24. g3 Qe5 25. Bxf7+ Kh8 26. Rd5 Qe7 27. Be6 Rcd8 28.
Re5 Qc7 29. Rxe4 Rd2 30. Qxh7+ 1-0

[Event "MCC Online Open Championship"]
[Site "Chess.com"]
[Date "2020.12.19"]
[Round "1"]
[White "Cheryl Amber Lins"]
[Black "GM Sergey Kudrin"]
[Result "0-1"]
[ECO "A34"]
[WhiteElo "1736"]
[BlackElo "2473"]
[TimeControl "4200+5"]

1. c4 c5 2. Nc3 g6 3. Nf3 Bg7 4. d4 cxd4 5. Nxd4 Nc6 6. Nxc6 bxc6 7. e4 d6 8.
Be3 Nf6 9. Be2 O-O 10. O-O Be6 11. Rc1 Qa5 12. Qa4 Qxa4 13. Nxa4 Nxe4 14. f3 Nf6
15. Rfd1 c5 16. Nc3 Rab8 17. b3 Nd7 18. Nb5 Rb7 19. f4 Nb8 20. Bf3 Rd7 21. Nc3
Rc8 22. Nd5 Nc6 23. Bf2 Nd4 24. Rd3 Bf5 25. Re3 e6 26. Nc3 Nc2 27. g4 Nxe3 28.
Bxe3 Bd3 29. Kf2 f5 30. g5 Bxc3 31. Rxc3 Be4 32. Be2 a5 33. a4 Kf7 34. Bd2 Ra8
35. Rh3 Kg8 36. Rg3 Rb7 37. Bd1 d5 38. cxd5 Bxd5 39. Rc3 Rc8 40. Be3 c4 41. bxc4
Rxc4 42. Rd3 Rb2+ 43. Kg3 Rc7 44. Bd4 Ra2 45. Bb6 Rb7 46. Bd4 Rb1 47. Kh3 Bc4 0-1

[Event "MCC Online Open Championship"]
[Site "Chess.com"]
[Date "2020.12.19"]
[Round "1"]
[White "IM Justin Joseph Sarkar"]
[Black "Sebastian Fengler"]
[Result "1-0"]
[ECO "D08"]
[WhiteElo "2464"]
[BlackElo "1621"]
[TimeControl "4200+5"]

1. d4 d5 2. c4 e5 3. dxe5 d4 4. Nf3 Nc6 5. Nbd2 Nge7 6. Nb3 Ng6 7. Nbxd4 Ncxe5
8. Nxe5 Nxe5 9. e3 c5 10. Nb5 Bf5 11. Qxd8+ Rxd8 12. Nc7+ Kd7 13. Nd5 Kc8 14. b3
Bd6 15. Bb2 Rhe8 16. f3 Bd3 17. O-O-O Bg6 18. e4 f6 19. Be2 Nc6 20. g3 Kb8 21.
Rd2 Be5 22. Rhd1 Nd4 23. Ne3 Bh5 24. Bxd4 Rxd4 25. Rxd4 Bxd4 26. Nf5 Rd8 27.
Nxg7 Bg6 28. Ne6 Be3+ 29. Kc2 Re8 30. Kd3 Bh6 31. Nxc5 f5 32. Kc2 fxe4 33. Nxe4
Kc7 34. Bd3 a6 35. Nc3 Bh5 36. Nd5+ Kc6 37. Nf6 Re5 38. Be4+ Kc7 39. Rd7+ Kc8
40. Rxh7 1-0

[Event "MCC Online Open Championship"]
[Site "Chess.com"]
[Date "2020.12.19"]
[Round "1"]
[White "Pranav Devalapalli"]
[Black "FM Joshua Colas"]
[Result "0-1"]
[ECO "D02"]
[WhiteElo "1514"]
[BlackElo "2402"]
[TimeControl "4200+5"]

1. d4 d5 2. Nf3 e6 3. c4 Nf6 4. Nc3 Be7 5. Bg5 O-O 6. e3 h6 7. Bh4 Ne4 8. Bxe7
Qxe7 9. Bd3 Nxc3 10. bxc3 c5 11. O-O Nc6 12. Qe2 Rd8 13. Rfd1 b6 14. cxd5 exd5
15. c4 dxc4 16. Bxc4 cxd4 17. Nxd4 Nxd4 18. Rxd4 Rxd4 19. exd4 Qxe2 20. Bxe2 Be6
21. a4 Rd8 22. Rd1 Bb3 23. Rd2 Bxa4 24. d5 Bb3 25. d6 Be6 26. Bb5 Bd7 27. Bxd7
Rxd7 28. Kf1 f6 29. Ke2 Kf7 30. Rc2 Ke6 31. Kf3 Kxd6 32. Ke4 b5 33. Rb2 Kc5 34.
Kf5 b4 35. Ke4 Kc4 0-1

[Event "MCC Online Open Championship"]
[Site "Chess.com"]
[Date "2020.12.19"]
[Round "1"]
[White "Sajesh Naillikkal"]
[Black "Evan Rosenberg"]
[Result "0-1"]
[ECO "B10"]
[WhiteElo "1409"]
[BlackElo "2234"]
[TimeControl "4200+5"]

1. e4 c6 2. f4 d5 3. e5 Nh6 4. d4 Bg4 5. Nf3 e6 6. Bd3 c5 7. c3 Nc6 8. Be3 Qb6
9. b3 cxd4 10. cxd4 Bb4+ 11. Kf2 O-O 12. Bc2 f6 13. h3 Bxf3 14. gxf3 fxe5 15.
fxe5 Nf5 16. Bxf5 Rxf5 17. a3 Be7 18. h4 Raf8 19. Rh3 Rh5 20. Kg3 Rxe5 21. dxe5
Qxe3 22. Kg2 Nxe5 23. Nd2 Nd3 24. Nf1 Qf2+ 25. Kh1 Bc5 26. Rg3 Rf4 27. Rg2 Rxh4+
28. Nh2 Qd4 29. Qf1 Qe5 30. Raa2 Nf4 31. Rgc2 Nh5 32. Kg2 Qxh2# 0-1

[Event "MCC Online Open Championship"]
[Site "Chess.com"]
[Date "2020.12.19"]
[Round "1"]
[White "Zane Eisen"]
[Black "Andrew Paul"]
[Result "1-0"]
[ECO "C53"]
[WhiteElo "2154"]
[BlackElo "1385"]
[TimeControl "4200+5"]

1. e4 e5 2. Nf3 Nc6 3. Bc4 Bc5 4. c3 Nf6 5. d3 O-O 6. O-O d6 7. Nbd2 a6 8. Bb3
Na5 9. Bc2 Nc6 10. Re1 Re8 11. Nf1 Bg4 12. Ng3 Bd7 13. Bg5 g6 14. Nh4 Bg4 15.
Qd2 Kg7 16. Kh1 Qc8 17. Bxf6+ Kxf6 18. Qh6 Rh8 19. f4 exf4 20. Rf1 Be3 21. Rae1
Ke7 22. Rxe3 fxe3 23. Qg5+ Ke8 24. Qxe3 Be6 25. Nhf5 gxf5 26. exf5 h6 27. Bb3
Nd8 28. Nh5 Kd7 29. fxe6+ fxe6 30. Qd4 Nc6 31. Qg7+ Ne7 32. Bxe6+ Kxe6 33. Qg4+
Nf5 34. Qxf5+ Ke7 35. Re1+ Kd8 36. Qf7 Qd7 37. Qf6+ Kc8 38. Qxh8+ Qd8 39. Re8
Qxe8 40. Qxe8# 1-0

[Event "MCC Online Open Championship"]
[Site "Chess.com"]
[Date "2020.12.19"]
[Round "1"]
[White "Stanislav Stanislav Busygin"]
[Black "Blunt Jackson"]
[Result "1-0"]
[ECO "B24"]
[WhiteElo "2315"]
[BlackElo "1473"]
[TimeControl "4200+5"]

1. e4 c5 2. Nc3 Nc6 3. g3 e6 4. Bg2 Nf6 5. Nge2 Be7 6. O-O d5 7. exd5 exd5 8. d4
Be6 9. dxc5 Bxc5 10. Nf4 d4 11. Nxe6 fxe6 12. Ne4 Bb6 13. Bg5 O-O 14. Nxf6+ gxf6
15. Bh6 f5 16. Bxf8 Qxf8 17. c3 Rd8 18. Qb3 Kf7 19. Bxc6 bxc6 20. cxd4 Qg7 21.
Rac1 Rd6 22. Qf3 Qg4 23. Qxg4 fxg4 24. Kg2 Bxd4 25. Rc2 c5 26. f3 e5 27. fxg4+
Rf6 28. Rxf6+ Kxf6 29. Kf3 h6 30. h4 a6 31. Ke4 Kg6 32. b4 1-0

[Event "MCC Online Open Championship"]
[Site "Chess.com"]
[Date "2020.12.19"]
[Round "1"]
[White "Mark Dedona"]
[Black "Robert James Scott"]
[Result "1-0"]
[ECO "B20"]
[WhiteElo "2108"]
[BlackElo "1189"]
[TimeControl "4200+5"]

1. e4 c5 2. b3 Nf6 3. e5 Nd5 4. Nf3 g6 5. Bb2 Bg7 6. Nc3 e6 7. Ne4 O-O 8. Bc4 b6
9. d3 Ba6 10. Qd2 Nc6 11. Bxd5 exd5 12. Nf6+ Bxf6 13. exf6 d4 14. O-O-O Qxf6 15.
h4 Nb4 16. Kb1 Bb7 17. Nxd4 cxd4 18. Qxb4 Qxf2 19. h5 Rac8 20. hxg6 Qxc2+ 21.
Ka1 f6 22. Qxd4 hxg6 23. Qh4 Qxd1+ 24. Rxd1 Kg7 25. Rh1 Rc1+ 26. Bxc1 Kf7 27.
Qh7+ Ke6 28. Re1+ Kd6 29. Bf4+ Kc5 30. Qe7+ 1-0

[Event "MCC Online Open Championship"]
[Site "Chess.com"]
[Date "2020.12.19"]
[Round "2"]
[White "Blunt Jackson"]
[Black "Thomas Nordeman"]
[Result "1-0"]
[ECO "C42"]
[WhiteElo "1473"]
[BlackElo "1062"]
[TimeControl "4200+5"]

1. e4 e5 2. Nf3 Nf6 3. Nxe5 d6 4. Nf3 Nxe4 5. Nc3 Nxc3 6. dxc3 Be7 7. Be3 O-O 8.
Qd2 Re8 9. O-O-O Nc6 10. Bd3 Bg4 11. Be2 Qd7 12. h4 h6 13. Bxh6 gxh6 14. Qxh6
Bf8 15. Qg5+ Bg7 16. Bd3 Bxf3 17. gxf3 Re5 18. Qg2 Kh8 19. Kb1 Ne7 20. Qg4 Qxg4
21. fxg4 Re8 22. f4 Rd5 23. Rde1 Kg8 24. h5 Kf8 25. h6 Bh8 26. g5 Nf5 27. c4 Ra5
28. b4 Ra4 29. Bxf5 Rxb4+ 30. Kc1 Rxc4 31. Rxe8+ Kxe8 32. Re1+ Kf8 33. Re4 Rxe4
34. Bxe4 c6 35. f5 d5 36. Bd3 Kg8 37. g6 fxg6 38. fxg6 c5 39. Bf5 Kf8 40. Bc8 b6
41. Kd2 d4 42. Kd3 a5 43. g7+ 1-0

[Event "MCC Online Open Championship"]
[Site "Chess.com"]
[Date "2020.12.19"]
[Round "2"]
[White "Andrew Paul"]
[Black "Pranav Shankar"]
[Result "0-1"]
[ECO "B15"]
[WhiteElo "1385"]
[BlackElo "1914"]
[TimeControl "4200+5"]

1. e4 c6 2. d4 d5 3. Nc3 dxe4 4. Nxe4 Nf6 5. Nxf6+ exf6 6. Nf3 Bd6 7. Bc4 O-O 8.
O-O Be6 9. Bb3 Re8 10. Re1 Qc7 11. c4 Nd7 12. c5 Bxb3 13. Rxe8+ Rxe8 14. cxd6
Bxd1 15. dxc7 Bxf3 16. gxf3 Re1+ 17. Kg2 Nb6 18. b3 g5 19. a4 Re7 20. a5 Nc8 21.
f4 h6 22. fxg5 fxg5 23. Ba3 Rxc7 24. Re1 a6 25. Bc5 Kg7 26. Re8 f5 27. Rf8 Ne7
28. Bxe7 Rxe7 29. Rxf5 Rd7 30. d5 Rxd5 31. Rxd5 cxd5 32. Kf3 Kf6 33. Ke3 Ke5 34.
b4 h5 35. f3 d4+ 36. Kd3 Kd5 37. h3 h4 38. Ke2 Kc4 0-1

[Event "MCC Online Open Championship"]
[Site "Chess.com"]
[Date "2020.12.19"]
[Round "2"]
[White "Sebastian Fengler"]
[Black "Kole H Moses"]
[Result "0-1"]
[ECO "D80"]
[WhiteElo "1621"]
[BlackElo "1237"]
[TimeControl "4200+5"]

1. d4 Nf6 2. c4 g6 3. Nc3 d5 4. e3 Bf5 5. Nf3 Bg7 6. Qb3 Nbd7 7. cxd5 Nb6 8.
Bb5+ Kf8 9. O-O a6 10. Be2 Nfxd5 11. Rd1 h5 12. Ng5 e5 13. Nxf7 Kxf7 14. dxe5
Be6 15. Nxd5 Bxd5 16. Qb4 Bxe5 17. e4 Bd6 18. Qd4 Qh4 19. h3 Qxe4 20. Qxe4 Bxe4
21. Bg5 Rhe8 22. Re1 Re6 23. Be3 Kg7 24. Bd4+ Kh7 25. Rac1 Bc6 26. b3 Bb4 27.
Bc3 Bxc3 28. Rxc3 Rae8 29. Rc2 Bb5 30. Rxc7+ Kh6 31. Rxb7 Bxe2 32. Rxe2 Rxe2 33.
Rxb6 Rxa2 34. Rf6 Re1+ 35. Kh2 h4 36. g4 hxg3+ 37. Kxg3 Rb1 38. Rb6 Ra3 39. Kg4
Rbxb3 40. Rf6 Ra4+ 41. f4 Raa3 42. f5 Ra4# 0-1

[Event "MCC Online Open Championship"]
[Site "Chess.com"]
[Date "2020.12.19"]
[Round "2"]
[White "Robert James Scott"]
[Black "Cheryl Amber Lins"]
[Result "0-1"]
[ECO "A22"]
[WhiteElo "1189"]
[BlackElo "1736"]
[TimeControl "4200+5"]

1. c4 e5 2. Nc3 Nf6 3. g3 Bb4 4. Bg2 O-O 5. Nf3 Re8 6. O-O Nc6 7. a3 Bf8 8. d4
exd4 9. Nxd4 Ne5 10. b3 d6 11. f4 Ng6 12. h3 c6 13. e4 a5 14. Bb2 Bd7 15. Kh2
Rb8 16. Qe2 Qb6 17. Na4 Qc7 18. Nc3 b6 19. Qf3 Bc8 20. Rad1 Ba6 21. a4 Rbd8 22.
Rfe1 Bb7 23. g4 Nh4 24. Qf2 Nxg2 25. Qxg2 d5 26. Qf3 dxe4 27. Nxe4 Nxe4 28. Rxe4
c5 29. Ne6 Rxe6 30. Rxd8 Qxd8 31. Qc3 Rxe4 32. Kg3 Qd4 33. Qc1 Re3+ 34. Kh4 Qxf4
35. Qd1 Be7+ 36. Kh5 Qg5# 0-1

[Event "MCC Online Open Championship"]
[Site "Chess.com"]
[Date "2020.12.19"]
[Round "2"]
[White "Roger Zhang"]
[Black "Paul Keyworth"]
[Result "1-0"]
[ECO "B01"]
[WhiteElo "1943"]
[BlackElo "1499"]
[TimeControl "4200+5"]

1. e4 d5 2. exd5 Nf6 3. d4 Bg4 4. f3 Bh5 5. Bd3 Nxd5 6. Ne2 e6 7. O-O Nd7 8. a3
c5 9. c4 N5b6 10. Nf4 Bg6 11. d5 exd5 12. cxd5 Be7 13. Nc3 Bxd3 14. Qxd3 O-O 15.
Kh1 Nf6 16. Rd1 Bd6 17. Be3 a6 18. Rac1 Qc7 19. Nce2 Qe7 20. b4 Nbd7 21. bxc5
Bxc5 22. Bxc5 Nxc5 23. d6 Qe5 24. Qc4 Rac8 25. Qd4 Qxd4 26. Nxd4 Rfd8 27. Nf5
Kf8 28. Ne7 Rxd6 29. Nxc8 Rc6 30. Rd8+ Ne8 31. Re1 Ne6 32. Nxe6+ fxe6 33. Red1
b5 34. Nd6 Ke7 35. Nxe8 Kf7 36. h3 a5 37. R1d7+ Kg6 38. Rxg7+ Kf5 39. Nd6+ Ke5
40. Nxb5 Rb6 41. Nc7 Rb3 42. Re7 Rb6 43. Rxe6+ Rxe6 44. Nxe6 Kxe6 45. Ra8 Kd5
46. Rxa5+ Kc4 47. Ra8 Kb3 48. f4 1-0

[Event "MCC Online Open Championship"]
[Site "Chess.com"]
[Date "2020.12.19"]
[Round "2"]
[White "FM Rostitslav Tborsky"]
[Black "Stewart Katz"]
[Result "0-1"]
[ECO "D10"]
[WhiteElo "2257"]
[BlackElo "1835"]
[TimeControl "4200+5"]

1. d4 d5 2. c4 c6 3. Nc3 Nf6 4. cxd5 cxd5 5. Bf4 a6 6. e3 Nc6 7. Rc1 e6 8. Bd3
Bd6 9. Bxd6 Qxd6 10. f4 b5 11. Nf3 Bb7 12. Ne5 Rc8 13. O-O Ne7 14. Qf3 O-O 15.
g4 b4 16. g5 bxc3 17. gxf6 Nf5 18. bxc3 g6 19. Qh3 h5 20. Rc2 Rc7 21. Kh1 Qd8
22. Bxf5 exf5 23. Qh4 Kh7 24. Rg1 Rg8 25. Rcg2 Qf8 26. Rg5 Qh6 27. Rb1 Bc8 28.
Qe1 Qf8 29. Rb8 Qd8 30. Qh4 Qf8 31. Qe1 Qd8 32. Qh4 Kh6 33. Rb3 a5 34. Rg1 a4
35. Rb8 Qd6 36. Rgb1 Kh7 0-1

[Event "MCC Online Open Championship"]
[Site "Chess.com"]
[Date "2020.12.19"]
[Round "2"]
[White "GM Sergey Kudrin"]
[Black "Mark Dedona"]
[Result "1-0"]
[ECO "B07"]
[WhiteElo "2473"]
[BlackElo "2108"]
[TimeControl "4200+5"]

1. e4 g6 2. d4 d6 3. Nc3 c6 4. f4 Qc7 5. Nf3 Bg7 6. Be3 b5 7. a3 Nd7 8. Bd3 Ngf6
9. h3 h5 10. O-O Nb6 11. Qe2 Bd7 12. Nh4 Nh7 13. e5 O-O-O 14. a4 b4 15. a5 Nd5
16. Nxd5 cxd5 17. Bd2 Kb8 18. Bxb4 g5 19. fxg5 Nxg5 20. Ra3 Rhg8 21. Rc3 Bc6 22.
Nf5 Rd7 23. Qxh5 dxe5 24. Qxg5 e4 25. Nxg7 exd3 26. cxd3 f6 27. Qc1 e6 28. Rxc6
Qg3 29. Qf4+ 1-0

[Event "MCC Online Open Championship"]
[Site "Chess.com"]
[Date "2020.12.19"]
[Round "2"]
[White "Alice Wu"]
[Black "Sajesh Naillikkal"]
[Result "1-0"]
[ECO "B22"]
[WhiteElo "1742"]
[BlackElo "1409"]
[TimeControl "4200+5"]

1. e4 c5 2. Nf3 e6 3. c3 Nf6 4. e5 Nd5 5. d4 cxd4 6. cxd4 Bb4+ 7. Bd2 Bxd2+ 8.
Nbxd2 O-O 9. Ne4 Nc6 10. Bc4 Qa5+ 11. Ned2 f6 12. O-O fxe5 13. Nb3 Qb6 14. dxe5
Nf4 15. Re1 Ng6 16. Bd3 Nce7 17. Rc1 Nf4 18. Be4 Nfd5 19. Qd2 h6 20. Na5 Qd8 21.
Nc4 b6 22. Nh4 Bb7 23. Ng6 Nxg6 24. Bxg6 Nf4 25. Be4 Bxe4 26. Rxe4 Qg5 27. f3
Rac8 28. Rd1 Nh3+ 29. Kf1 Qxd2 30. Rxd2 Ng5 31. Red4 Rf7 32. Ke2 Rc7 33. Nd6 Re7
34. Nb5 Rb7 35. Rc4 a6 36. Rc8+ Kh7 37. Nd6 Ra7 38. Rb8 b5 39. Nc8 Re8 40. Nxa7
Rxb8 41. Rxd7 Kg6 42. Nc6 Ra8 43. h4 Nh7 44. g4 Nf8 45. h5+ Kh7 46. Re7 Rc8 47.
Nd4 Kg8 48. Nxe6 Nxe6 49. Rxe6 Rc2+ 50. Kd3 Rxb2 51. Rxa6 Kf7 52. Ke4 Re2+ 53.
Kf5 Rf2 54. f4 Rd2 55. e6+ Ke7 56. Kg6 Rd6 57. Rxd6 Kxd6 58. Kf7 1-0

[Event "MCC Online Open Championship"]
[Site "Chess.com"]
[Date "2020.12.19"]
[Round "3"]
[White "Stanislav Busygin"]
[Black "Advaith Vijayakumar"]
[Result "1/2-1/2"]
[ECO "A15"]
[WhiteElo "2315"]
[BlackElo "2026"]
[TimeControl "4200+5"]
[Termination "Game drawn by repetition"]

1. Nf3 Nf6 2. c4 e6 3. g3 d5 4. Bg2 Be7 5. O-O O-O 6. b3 c5 7. Bb2 Nc6 8. Ne5
Nxe5 9. Bxe5 Bd7 10. cxd5 exd5 11. Bb2 Re8 12. d4 Bg4 13. h3 Bh5 14. Nc3 Qd7 15.
Qd2 Ne4 16. Nxe4 dxe4 17. g4 Bg6 18. Qe3 cxd4 19. Bxd4 a6 20. Rfd1 Qb5 21. a4
Qb4 22. Rac1 Rac8 23. Rxc8 Rxc8 24. Bxe4 Bxe4 25. Qxe4 Qxb3 26. Rb1 Qxa4 27.
Qxb7 Re8 28. Qb2 Bf8 29. e3 h6 30. Ra1 Qb5 31. Qa2 Ra8 32. Qa4 Qxa4 33. Rxa4 Bd6
34. Kf1 f6 35. Ke2 Kf7 36. Kd3 Ke6 37. f4 g6 38. h4 f5 39. g5 hxg5 40. hxg5 a5
41. Kc4 Bb4 42. Ra1 Rc8+ 43. Kb5 Rb8+ 44. Ka4 Kd5 45. Rh1 Ke4 46. Rh7 Bd2 47.
Re7+ Kf3 48. Re6 Rb4+ 49. Ka3 Rb1 50. Ka4 Rb4+ 51. Ka3 Rb1 52. Ka4 Rb4+ 1/2-1/2

[Event "MCC Online Open Championship"]
[Site "Chess.com"]
[Date "2020.12.19"]
[Round "3"]
[White "Paul Keyworth"]
[Black "Kole H Moses"]
[Result "0-1"]
[ECO "D03"]
[WhiteElo "1499"]
[BlackElo "1237"]
[TimeControl "4200+5"]
[Termination "Kole H Moses won by resignation"]

1. d4 d5 2. Nf3 Nf6 3. Bg5 h6 4. Bh4 c5 5. e3 Nc6 6. Nbd2 Qb6 7. Rb1 cxd4 8.
exd4 Nxd4 9. Bd3 Bg4 10. O-O e5 11. c3 Nxf3+ 12. gxf3 Bd7 13. Re1 Bd6 14. Bg3
Qc7 15. Qe2 O-O 16. Bxe5 Rfe8 17. Bxd6 Qxd6 18. Qf1 Qf4 19. Rbd1 Rxe1 20. Qxe1
Re8 21. Qf1 Re5 22. Kh1 Rh5 23. Qg2 Rg5 24. Qf1 Qh4 25. Qe1 Bh3 26. Qe7 Bg2+ 27.
Kg1 Ne4 28. Qe8+ Kh7 29. Nxe4 dxe4 30. Bxe4+ f5 31. Bd5 Bxf3+ 32. Kf1 Qh3+ 33.
Ke1 Rg1+ 34. Kd2 Rxd1+ 35. Kc2 Rxd5 0-1

[Event "MCC Online Open Championship"]
[Site "Chess.com"]
[Date "2020.12.19"]
[Round "3"]
[White "FM Joshua Colas"]
[Black "GM Kirill Stupak"]
[Result "0-1"]
[ECO "E60"]
[WhiteElo "2402"]
[BlackElo "2568"]
[TimeControl "4200+5"]
[Termination "GM Kirill Stupak won by resignation"]

1. d4 Nf6 2. Nf3 g6 3. c4 Bg7 4. Nc3 O-O 5. g3 c5 6. d5 e6 7. Bg2 exd5 8. cxd5
d6 9. O-O Re8 10. Nd2 a6 11. a4 Nbd7 12. h3 Rb8 13. a5 b5 14. axb6 Nxb6 15. e4
Nfd7 16. Qc2 Ne5 17. Kh2 c4 18. Rb1 Qc7 19. Nf3 Nbd7 20. Nd4 Nc5 21. Be3 Bd7 22.
Nc6 Nxc6 23. dxc6 Bxc6 24. Nd5 Qb7 25. Bxc5 dxc5 26. Rfc1 Bb5 27. f4 Rbd8 28.
Rd1 Bd4 29. Bf1 Kg7 30. Bg2 f5 31. Nc3 Bc6 32. Re1 Qb3 33. Qe2 fxe4 34. Nxe4 Qd3
35. Rbd1 Bg1+ 0-1

[Event "MCC Online Open Championship"]
[Site "Chess.com"]
[Date "2020.12.19"]
[Round "3"]
[White "Mark Dedona"]
[Black "Alice Wu"]
[Result "1-0"]
[ECO "C29"]
[WhiteElo "2108"]
[BlackElo "1742"]
[TimeControl "4200+5"]
[Termination "Mark Dedona won by resignation"]

1. e4 e5 2. Nc3 Nf6 3. f4 d5 4. fxe5 Nxe4 5. Qf3 Nc6 6. Bb5 Nxc3 7. dxc3 Be7 8.
Bf4 Bf5 9. O-O-O Be4 10. Qe2 Bg5 11. Nh3 Bxf4+ 12. Nxf4 Qg5 13. Qd2 Qxe5 14.
Nxd5 O-O-O 15. c4 Nb8 16. Qe3 c6 17. Qc5 Nd7 18. Ne7+ Kc7 19. Rxd7+ Rxd7 20.
Qxe5+ 1-0

[Event "MCC Online Open Championship"]
[Site "Chess.com"]
[Date "2020.12.19"]
[Round "3"]
[White "Miguel Garcia"]
[Black "Blunt Jackson"]
[Result "1-0"]
[ECO "A46"]
[WhiteElo "1976"]
[BlackElo "1473"]
[TimeControl "4200+5"]
[Termination "Miguel Garcia won by resignation"]

1. d4 Nf6 2. Nf3 e6 3. g3 c5 4. dxc5 Bxc5 5. Bg2 O-O 6. a3 Ng4 7. O-O Nc6 8. b4
Bxf2+ 9. Rxf2 Nxf2 10. Kxf2 Qf6 11. Ra2 e5 12. Bb2 Qf5 13. Kg1 Qe6 14. Nc3 Ne7
15. Ng5 Qc4 16. Qd3 Qxd3 17. exd3 f6 18. Nh3 Nf5 19. Nb5 a6 20. Nc7 Rb8 21. a4
Ne3 22. Be4 Nxc2 23. Bxe5 Nxb4 24. Bd6 1-0

[Event "MCC Online Open Championship"]
[Site "Chess.com"]
[Date "2020.12.19"]
[Round "3"]
[White "IM Mitrabha Guha"]
[Black "Pranav Shankar"]
[Result "1-0"]
[ECO "D31"]
[WhiteElo "2495"]
[BlackElo "1914"]
[TimeControl "4200+5"]
[Termination "IM Mitrabha Guha won by resignation"]

1. d4 d5 2. c4 e6 3. Nc3 Be7 4. Qc2 Nf6 5. Bg5 O-O 6. e3 a6 7. Nf3 dxc4 8. Bxc4
b5 9. Bd3 h6 10. Bxf6 Bxf6 11. Be4 Ra7 12. h4 Bb7 13. g4 b4 14. Bxb7 bxc3 15.
Be4 cxb2 16. Rd1 Re8 17. g5 hxg5 18. hxg5 Bxg5 19. Bh7+ Kf8 20. Qc5+ Be7 21.
Qxa7 Ba3 22. Be4 Ke7 23. Ne5 Qd6 24. Qb7 Bb4+ 25. Kf1 f6 26. Nc4 Qd7 27. Qxb4+
Kf7 28. Qxb2 Nc6 29. Qc2 f5 30. Bxc6 Qxc6 31. Ne5+ 1-0

[Event "MCC Online Open Championship"]
[Site "Chess.com"]
[Date "2020.12.19"]
[Round "3"]
[White "Sajesh Naillikkal"]
[Black "Robert James Scott"]
[Result "1-0"]
[ECO "B21"]
[WhiteElo "1466"]
[BlackElo "1189"]
[TimeControl "4200+5"]
[Termination "Sajesh Naillikkal won by checkmate"]

1. e4 c5 2. f4 d5 3. exd5 Qxd5 4. Nc3 Qd8 5. Nf3 Bg4 6. Bc4 e6 7. O-O Nf6 8. d3
Nc6 9. Bb5 Qc7 10. Qe1 Bd6 11. Ne5 O-O 12. Bxc6 bxc6 13. Qg3 Bh5 14. Ne4 Nxe4
15. dxe4 Bxe5 16. fxe5 Rfd8 17. Be3 c4 18. Qg5 Bg6 19. Qf4 Rab8 20. Rab1 Rd7 21.
Bc5 Qa5 22. Bd6 Rbd8 23. a3 Qb6+ 24. Kh1 Rb7 25. c3 c5 26. Qe3 Qc6 27. Rf4 Rb5
28. Qe2 f6 29. Rbf1 h6 30. Qg4 Kh7 31. Be7 Rd2 32. exf6 Rbxb2 33. f7 Rxg2 34.
Qxg2 Rxg2 35. f8=Q Bxe4 36. Rxe4 Qxe4 37. Qf3 Qxf3 38. Rxf3 Ra2 39. Bxc5 g5 40.
Rf7+ Kg6 41. Rxa7 Kf5 42. Rh7 Kg6 43. Rc7 h5 44. Bb4 Kf5 45. Rxc4 e5 46. h3 h4
47. Rg4 e4 48. c4 e3 49. Rg1 Kf4 50. c5 Kf3 51. Rc1 Kg3 52. c6 Rh2+ 53. Kg1 Rg2+
54. Kf1 e2+ 55. Ke1 Rg1+ 56. Kd2 Rxc1 57. Kxc1 e1=Q+ 58. Bxe1+ Kxh3 59. c7 g4
60. c8=Q Kh2 61. Qxg4 h3 62. Bf2 Kh1 63. Qg1# 1-0

[Event "MCC Online Open Championship"]
[Site "Chess.com"]
[Date "2020.12.19"]
[Round "3"]
[White "Yili Wen"]
[Black "IM Justin Joseph Sarkar"]
[Result "0-1"]
[ECO "A21"]
[WhiteElo "2109"]
[BlackElo "2464"]
[TimeControl "4200+5"]
[Termination "IM Justin Joseph Sarkar won by resignation"]

1. c4 e5 2. Nc3 Bb4 3. g3 Bxc3 4. bxc3 d6 5. Bg2 Ne7 6. Nf3 c5 7. d3 Nbc6 8. O-O
O-O 9. e4 f5 10. exf5 Bxf5 11. Ng5 Qd7 12. Rb1 Rad8 13. Bd5+ Nxd5 14. cxd5 Na5
15. f3 c4 16. Ne4 cxd3 17. Qxd3 b6 18. Rb2 Rc8 19. Rbf2 Nc4 20. Re1 b5 21. Qd1
h6 22. Nd2 Nb6 23. Qb3 Bd3 24. Re3 Bc4 25. Nxc4 Nxc4 26. Rd3 e4 27. fxe4 Rxf2
28. Kxf2 Ne5 29. Rd1 Qh3 30. Kg1 Nf3+ 31. Kf2 Nxh2 32. Bf4 Ng4+ 33. Kf3 Rf8 0-1

[Event "MCC Online Open Championship"]
[Site "Chess.com"]
[Date "2020.12.19"]
[Round "3"]
[White "Cheryl Amber Lins"]
[Black "Royal Buchanan"]
[Result "0-1"]
[ECO "A16"]
[WhiteElo "1736"]
[BlackElo "1985"]
[TimeControl "4200+5"]
[Termination "Royal Buchanan won by resignation"]

1. c4 Nf6 2. Nc3 g6 3. e4 d6 4. d4 Bg7 5. h3 O-O 6. Be3 Na6 7. Nf3 e5 8. d5 Nc5
9. Nd2 a5 10. Be2 Bd7 11. g4 Ne8 12. Rg1 c6 13. Nf3 cxd5 14. cxd5 Rb8 15. a4 Nc7
16. Qd2 Nb3 17. Qd1 Nxa1 18. Qxa1 Na6 19. Qa3 Nb4 20. Qb3 Qc7 21. h4 f6 22. h5
g5 23. Nd2 Rfc8 24. Nc4 b5 25. axb5 Bxb5 26. Nxb5 Rxb5 27. Kf1 Rbb8 28. Qa4 Na6
29. Qxa5 Qxa5 30. Nxa5 Nc5 31. Nc6 Rxc6 32. dxc6 Rc8 33. b4 Nxe4 34. Bc4+ Kf8
35. b5 Nc5 36. Bxc5 dxc5 37. Be6 Rc7 38. Bd7 Ke7 39. b6 Rxd7 40. cxd7 Kxd7 41.
Ke2 Kc6 42. Rb1 Kb7 43. Kd3 Bf8 44. Kc4 Be7 45. Kd5 h6 46. Rb5 Bf8 47. Ke6 c4
48. Kxf6 c3 49. Rb1 Ba3 50. Kxe5 c2 51. Ra1 Bb2+ 0-1

[Event "MCC Online Open Championship"]
[Site "Chess.com"]
[Date "2020.12.19"]
[Round "3"]
[White "GM Sergei Azarov"]
[Black "GM Sergey Kudrin"]
[Result "1/2-1/2"]
[ECO "B36"]
[WhiteElo "2679"]
[BlackElo "2473"]
[TimeControl "4200+5"]
[Termination "Game drawn by agreement"]

1. e4 c5 2. Nf3 g6 3. d4 cxd4 4. Nxd4 Nc6 5. c4 Nf6 6. Nc3 d6 7. Be2 Nxd4 8.
Qxd4 Bg7 9. Be3 O-O 10. Qd3 Bd7 11. O-O a5 12. b3 Bc6 13. Bd4 Nd7 14. Bxg7 Kxg7
15. Kh1 Qb6 16. Rab1 Qc5 17. f4 Nf6 18. Nd5 Nxe4 19. Qxe4 e6 20. Bf3 exd5 21.
cxd5 Bd7 22. Rbc1 Qb6 23. Qe2 Rac8 24. Qb2+ f6 25. Rce1 Rce8 26. h3 h5 27. a3
Rxe1 28. Rxe1 Re8 29. Rxe8 Bxe8 30. Qc3 Bf7 1/2-1/2